 Dungeon Crawl Stone Soup version 0.21-a0-346-g330ab2c (webtiles) character file.

6 Amnesiac the Digger (level 1, 13/13 HPs)
             Began as a Gnoll Earth Elementalist on Oct 5, 2017.
             Quit the game on level 1 of the Dungeon.
             The game lasted 00:00:46 (280 turns).

Amnesiac the Digger (Gnoll Earth Elementalist)       Turns: 280, Time: 00:00:46

Health: 13/13      AC:  8    Str: 10    XL:     1   Next: 90%
Magic:  0/6        EV:  5    Int: 17    God:
Gold:   11         SH:  0    Dex: 15    Spells: 8/9 levels left

rFire    . . .     SeeInvis .   (no weapon)
rCold    . . .     Gourm    .   (no shield)
rNeg     . . .     Faith    .   g - +0 chain mail
rPois    .         Spirit   .   (no helmet)
rElec    .         Reflect  .   (no cloak)
rCorr    .         Harm     .   (no gloves)
MR       .....                  (no boots)
Stlth    ..........             (no amulet)
HPRegen  0.04/turn              (no ring)
MPRegen  0.10/turn              (no ring)

@: very slightly contaminated
A: distributed training, fangs 1, strong nose
a: no special abilities


You were on level 1 of the Dungeon.
You were not hungry.

You visited 1 branch of the dungeon, and saw 1 of its levels.

You collected 11 gold pieces.

Inventory:

Missiles
 b - 20 stones (quivered)
Armour
 c - a +0 robe
 g - a +0 chain mail (worn)
Jewellery
 f - an uncursed ring of protection from fire {unknown}
Scrolls
 a - a scroll of remove curse {!r, unknown}
Potions
 h - a potion of heal wounds {!q, unknown}
 i - a potion of agility {!q, unknown}
Books
 e - a book of Geomancy

   Spells                             Type                      Level
   a - Sandblast                      Earth                        1
   b - Passwall                       Transmutation/Earth          2
   c - Stone Arrow                    Conjuration/Earth            3
   d - Petrify                        Transmutation/Earth          4
   e - Lee's Rapid Deconstruction     Earth                        5
Comestibles
 d - a bread ration


   Skills:
 + Level 0.1 Fighting
 + Level 0.1 Short Blades
 + Level 0.1 Long Blades
 + Level 0.1 Axes
 + Level 0.1 Maces & Flails
 + Level 0.1 Polearms
 + Level 0.1 Staves
 + Level 0.1 Slings
 + Level 0.1 Bows
 + Level 0.1 Crossbows
 + Level 0.1 Throwing
 + Level 0.1 Armour
 + Level 4.4 Dodging
 + Level 4.0 Stealth
 + Level 0.1 Shields
 + Level 0.1 Unarmed Combat
 + Level 4.9 Spellcasting
 + Level 0.1 Conjurations
 + Level 0.1 Hexes
 + Level 0.1 Charms
 + Level 0.1 Summonings
 + Level 0.1 Necromancy
 + Level 0.1 Translocations
 + Level 2.4 Transmutations
 + Level 0.1 Fire Magic
 + Level 0.1 Ice Magic
 + Level 0.1 Air Magic
 + Level 6.4 Earth Magic
 + Level 0.1 Poison Magic
 + Level 0.1 Invocations
 + Level 0.1 Evocations


You had 8 spell levels left.
You knew the following spells:

 Your Spells              Type           Power        Failure   Level  Hunger
a - Sandblast             Erth           ####..       65%         1    None


Dungeon Overview and Level Annotations

Branches:
Dungeon (1/15)

Altars:


Innate Abilities, Weirdness & Mutations

Your experience applies equally to all skills.
You have very sharp teeth.
Your uncanny sense of smell can sniff out nearby items.


Message History

Press: ? - help, Shift-Dir - straight line, f/p - kobold
Aim: a kobold, wielding a short sword You miscast Sandblast.
Your feet feel warm.
The kobold hits you but does no damage.
You don't have enough magic to cast Sandblast!
You don't have enough magic to cast Sandblast!
You don't have enough magic to cast Sandblast!
The kobold hits you but does no damage.
You don't have enough magic to cast Sandblast!
You don't have enough magic to cast Sandblast!
Casting: Sandblast
Confirm with . or Enter, or press ? or * to list all spells.
Aiming: Sandblast
Press: ? - help, Shift-Dir - straight line, f/p - kobold
Aim: a kobold, wielding a short sword You miscast Sandblast.
Nothing appears to happen.
The kobold hits you but does no damage.
You don't have enough magic to cast Sandblast!
You don't have enough magic to cast Sandblast!
You don't have enough magic to cast Sandblast!
You don't have enough magic to cast Sandblast!
You don't have enough magic to cast Sandblast!
You don't have enough magic to cast Sandblast!
You don't have enough magic to cast Sandblast!
You don't have enough magic to cast Sandblast!
Casting: Sandblast
Confirm with . or Enter, or press ? or * to list all spells.
Aiming: Sandblast
Press: ? - help, Shift-Dir - straight line, f/p - kobold
Aim: a kobold, wielding a short sword You miscast Sandblast.
Nothing appears to happen.
The kobold hits you but does no damage.
You see here 18 sling bullets.
You don't have enough magic to cast Sandblast!
You don't have enough magic to cast Sandblast!
You don't have enough magic to cast Sandblast!
You don't have enough magic to cast Sandblast!
You don't have enough magic to cast Sandblast!
You don't have enough magic to cast Sandblast!
You don't have enough magic to cast Sandblast!
You don't have enough magic to cast Sandblast!
Casting: Sandblast
Confirm with . or Enter, or press ? or * to list all spells.
Aiming: Sandblast
Press: ? - help, Shift-Dir - straight line, f/p - kobold
Aim: a kobold, wielding a short sword The blast of sand hits the kobold.
b - 20 stones The kobold barely misses you.
You don't have enough magic to cast Sandblast!
You don't have enough magic to cast Sandblast!
You don't have enough magic to cast Sandblast!
You don't have enough magic to cast Sandblast!
You don't have enough magic to cast Sandblast!
You don't have enough magic to cast Sandblast!
You don't have enough magic to cast Sandblast!
Casting: Sandblast
Confirm with . or Enter, or press ? or * to list all spells.
Aiming: Sandblast
Press: ? - help, Shift-Dir - straight line, f/p - kobold
Aim: a kobold, wielding a short sword You miscast Sandblast.
You feel earthy. The kobold hits you but does no damage.
You don't have enough magic to cast Sandblast!
Are you sure you want to abandon this character and quit the game? (Confirm with "yes".)

. #######.
##################.......
###........##.....##.#.....
#..........##...[.##.......
+..........'.........>.....
#######..........##+######.......
#.....###.#...##.......###.......
#...#.###.###.##@......+...#####+
#.#.#.........##KJ.....#.#.......
###.#####.######.......#.+......#
#.....# #...#....l.....###......#
......# ###.##..................#
#...#.# #....>....#...........+
####### #########.#...........# #
###### ###### #.+...........#
####....####....###.#...........#


You could see an ooze, a kobold and a frilled lizard.

Vanquished Creatures
  A goblin (D:1)
  2 hobgoblins (D:1)
  A ball python (D:1)
  A bat (D:1)
  A rat (D:1)
6 creatures vanquished.

Notes
Turn   | Place    | Note
-------+----------+-------------------------------------------
     0 | D:1      | Amnesiac the Gnoll Earth Elementalist began the quest for the Orb.
     0 | D:1      | Reached XP level 1. HP: 13/13 MP: 6/6
   280 | D:1      | Quit the game

Vault maps used:
D:1:      minmay_arrival_wavy_path

Action                   || total
-------------------------++-------
Melee: Unarmed           ||     5
       Bite              ||     1
 Cast: Sandblast         ||    10
 Stab: Sleeping          ||     2
Armor: Chain mail        ||     4
Dodge: Dodged            ||     4

Table legend:
 A = Spawn XP
 B = Non-spawn XP
 C = Spawn XP percentage of total XP
 D = Spawn monster count
 E = Non-spawn monster count
 F = Spawn count percentage of total count
 G = Total turns spent on level
                    A         B        C        D         E        F      G
               +---------+---------+-------+---------+---------+-------+---------
         Total |       0 |       9 |   0.0 |       0 |       6 |   0.0 |   280
               +---------+---------+-------+---------+---------+-------+---------
           D:1 |       0 |       9 |   0.0 |       0 |       6 |   0.0 |   280
               +---------+---------+-------+---------+---------+-------+---------
